 Dungeon Crawl Stone Soup version 0.24.0-28-g17ded55e90 (webtiles) character file.

Game seed: 11321201568710528274, levelgen mode: deterministic

283937 Delamore the Executioner (level 20, -39/191 HPs)
             Began as a Hill Orc Fighter on Nov 13, 2019.
             Was an Elder of Qazlal.
             Killed from afar by a crystal guardian (53 damage)
             ... with a crystal bolt
             ... in the Desolation of Salt.
             The game lasted 01:30:55 (38811 turns).

Delamore the Executioner (Hill Orc Fighter)        Turns: 38811, Time: 01:30:57

Health: -39/191    AC: 40    Str: 36    XL:     20   Next: 57%
Magic:  25/33      EV: 11    Int:  4    God:    Qazlal [****..]
Gold:   2169       SH: 13    Dex: 12    Spells: 19/19 levels left

rFire    . . .     SeeInvis +   Q - +2 executioner's axe (freeze)
rCold    x . .     Gourm    .   (shield currently unavailable)
rNeg     + + .     Faith    .   M - +10 plate armour of Spring Thaw {rC- rN+ SInv Stlth+}
rPois    +         Spirit   .   P - +1 helmet {SInv}
rElec    +         Reflect  +   H - +0 cloak of Vief {rElec rN+} (curse)
rCorr    .         Harm     .   z - +0 pair of gloves
MR       +++..                  y - +2 pair of boots {Fly}
Stlth    ..........             L - +4 amulet of reflection
HPRegen  0.41/turn              D - ring "Vuzo" {rPois EV+2 Str+5 Int-4}
MPRegen  0.23/turn              X - ring "Risoonua" {Wiz MR++ Str+3}

@: protected from physical damage, flying, very slightly contaminated, repel
missiles
A: large bone plates 1, agile 1, mutation resistance 1, no potion heal 1, sturdy
frame 1
}: 2/15 runes: decaying, gossamer
a: Upheaval, Elemental Force, Renounce Religion, Stop Flying


You were in the Desolation of Salt.
You worshipped Qazlal.
Qazlal was greatly pleased with you.
You were not hungry.

You visited 6 branches of the dungeon, and saw 32 of its levels.
You visited the Abyss 1 time.
You also visited: Ossuary and Desolation.

You collected 3419 gold pieces.
You spent 1250 gold pieces at shops.

Inventory:

Hand Weapons
 Q - a +2 executioner's axe of freezing (weapon)
Missiles
 b - 3 throwing nets (quivered)
Armour
 y - a +2 pair of boots of flying (worn)
 z - a +0 pair of gloves (worn)
 H - the cursed +0 cloak of Vief (worn) {rElec rN+}
   (You found it on level 1 of the Vaults)

   It insulates you from electricity.
   It protects you from negative energy.
   It has a curse placed upon it.
 K - a scarf of spirit shield
 M - the +10 plate armour of Spring Thaw (worn) {rC- rN+ SInv Stlth+}
   (You took it off an orc warrior on level 9 of the Dungeon)

   It makes you vulnerable to cold.
   It protects you from negative energy.
   It lets you see invisible.
   It makes you more stealthy.
 P - a +1 helmet of see invisible (worn)
Jewellery
 v - an uncursed ring of protection from cold
 D - the ring "Vuzo" (left hand) {rPois EV+2 Str+5 Int-4}
   (You bought it in a shop on level 7 of the Dungeon)

   [ring of evasion]

   It affects your evasion (+2).
   It affects your strength (+5).
   It affects your intelligence (-4).
   It protects you from poison.
 L - a +4 amulet of reflection (around neck)
 R - an uncursed ring of protection from fire
 X - the ring "Risoonua" (right hand) {Wiz MR++ Str+3}
   (You found it on level 2 of the Abyss)

   [ring of wizardry]

   It improves your spell success rate.
   It affects your strength (+3).
   It affects your resistance to hostile enchantments.
Wands
 m - a wand of disintegration (8)
 o - a wand of flame (85)
 q - a wand of acid (22)
 s - a wand of digging (5)
 u - a wand of iceblast (34)
 J - a wand of clouds (14)
 U - a wand of paralysis (12)
Scrolls
 g - a scroll of brand weapon
 h - 10 scrolls of teleportation
 k - 2 scrolls of magic mapping
 n - 7 scrolls of enchant armour
 t - 3 scrolls of fear
 w - 4 scrolls of identify
 A - a scroll of amnesia
 C - a scroll of holy word
 G - 9 scrolls of remove curse
 O - 2 scrolls of blinking
 V - a scroll of enchant weapon
Potions
 d - 4 potions of might
 i - 3 potions of resistance
 j - a potion of heal wounds
 l - 16 potions of curing
 p - 2 potions of ambrosia
 x - 7 potions of agility
 E - 3 potions of haste
 F - 3 potions of cancellation
 N - a potion of mutation
 T - a potion of invisibility
 W - 4 potions of brilliance
 Y - a potion of magic
Miscellaneous
 a - a sack of spiders
 B - a phial of floods
 Z - a phantom mirror
Comestibles
 f - 57 rations


   Skills:
 + Level 19.3 Fighting
 + Level 26.5 Axes
 + Level 17.1 Armour
   Level 3.2 Shields
 * Level 18.0 Invocations
 + Level 7.4 Evocations


You had 19 spell levels left.
You didn't know any spells.
Your spell library contained the following spells:

 Spells                   Type           Power        Failure   Level  Hunger
 Animate Skeleton         Necr           N/A          52%         1    ##.....
 Beastly Appendage        Tmut           #.....       52%         1    ##.....
 Freeze                   Ice            #...         52%         1    ##.....
 Magic Dart               Conj           #...         52%         1    ##.....
 Pain                     Necr           #...         52%         1    ##.....
 Blink                    Tloc           N/A          65%         2    ###....
 Call Imp                 Summ           #.......     65%         2    ###....
 Searing Ray              Conj           #.....       65%         2    ###....
 Slow                     Hex            #.......     65%         2    ###....
 Sticks to Snakes         Tmut           #.......     65%         2    ###....
 Throw Frost              Conj/Ice       #.....       65%         2    ###....
 Conjure Flame            Conj/Fire      #.......     86%         3    ####...
 Dazzling Spray           Conj/Hex       #.....       86%         3    ####...
 Mephitic Cloud           Conj/Pois/Air  #.......     86%         3    ####...
 Ozocubu's Armour         Chrm/Ice       #.......     86%         3    ####...
 Regeneration             Chrm/Necr      #.........   86%         3    ####...
 Spider Form              Tmut/Pois      #.........   86%         3    ####...
 Vampiric Draining        Necr           #.........   86%         3    ####...
 Animate Dead             Necr           N/A          99%         4    #####..
 Cause Fear               Hex            #.........   99%         4    #####..
 Force Lance              Conj/Tloc      #.......     99%         4    #####..
 Fulminant Prism          Conj/Hex       #.........   99%         4    #####..
 Ice Form                 Ice/Tmut       #.......     99%         4    #####..
 Iskenderun's Mystic Bla  Conj           #.......     99%         4    #####..
 Leda's Liquefaction      Hex/Erth       #.........   99%         4    #####..
 Summon Ice Beast         Ice/Summ       #.......     99%         4    #####..
 Throw Icicle             Conj/Ice       #.......     99%         4    #####..
 Blade Hands              Tmut           #.........   100%        5    ######.
 Bolt of Magma            Conj/Fire/Erth #.........   100%        5    ######.
 Irradiate                Conj/Tmut      #.........   100%        5    ######.
 Silence                  Hex/Air        #.........   100%        5    ######.
 Yara's Violent Unravell  Hex/Tmut       #.........   100%        5    ######.
 Deflect Missiles         Chrm/Air       #.........   100%        6    #######
 Hydra Form               Tmut           #.........   100%        6    #######
 Iron Shot                Conj/Erth      #.........   100%        6    #######
 Statue Form              Tmut/Erth      #........    100%        6    #######
 Dragon Form              Tmut           #.........   100%        7    #######
 Haunt                    Necr/Summ      #.........   100%        7    #######
 Borgnjor's Revivificati  Necr           #.........   100%        8    #######
 Death's Door             Chrm/Necr      #.........   100%        8    #######
 Discord                  Hex            #.........   100%        8    #######
 Infestation              Necr           #.........   100%        8    #######
 Necromutation            Tmut/Necr      #.........   100%        8    #######
 Shatter                  Erth           #.........   100%        9    #######


Dungeon Overview and Level Annotations

Branches:
Dungeon (14/15)            Temple (0/1) D:6            Lair (6/6) D:11
  Swamp (4/4) Lair:3       Spider (4/4) Lair:2        Slime (0/5) Lair:6
    Orc (2/2) D:11            Elf (0/3) Orc:2        Vaults (2/5) D:14
Ossuary (visited)         Desolation (1/1)
  Crypt: Vaults:2-3

Altars:
Ashenzari
Elyvilon
Makhleb
Qazlal
Yredelemnul
Zin
The Shining One
Beogh
Jiyva

Shops:
D:4 [   D:7 =   Orc:1 =   Orc:2 :}(*   Vaults:1 =


Innate Abilities, Weirdness & Mutations

You are partially covered in large bone plates. (SH +4)
You are agile. (Dex +2)
You are somewhat resistant to further mutation.
Potions are less effective at restoring your health.
Your movements are slightly less encumbered by armour. (ER -2)


Message History

The imperial myrmidon is lightly wounded.
You slice the imperial myrmidon!! You freeze the imperial myrmidon!
The imperial myrmidon is heavily wounded.
The servant of whispers prays to its god.
The air becomes perfectly still.
The imperial myrmidon hits you but does no damage.
You closely miss the imperial myrmidon.
The imperial myrmidon is heavily wounded.
The imperial myrmidon hits you with a +0 scimitar!
* * * LOW HITPOINT WARNING * * *
You miss the imperial myrmidon.
The imperial myrmidon is heavily wounded.
Okay, then.
As you read the scroll of fear, it crumbles to dust.
You assume a fearsome visage.
The servant of whispers looks frightened!
The imperial myrmidon looks frightened!
The crystal guardian is unaffected.
The crystal guardian fires a crystalline bolt at you.
The crystal bolt burns you!!!
You die...

..............
.............. .....
....................
#...................
..................
.................
#..............
#@.p...........
##8............
..............#...
.......p......#...
..................
.....................
......................
......................
......................


You could see a servant of whispers (fleeing), an imperial myrmidon (fleeing)
and a crystal guardian.

Vanquished Creatures
  Mara (Vaults:2)
  the Lernaean hydra (Swamp:4)
  Nikola (Spider:1)
  Rupert (D:14)
  A tentacled monstrosity (Swamp:4)
  A tentacled starspawn (Abyss:2)
  Frances (Spider:1)
  A thorn hunter (Swamp:3)
  Donald (Swamp:4)
  Kirke (Lair:4)
  A frost giant (Vaults:1)
  An orc warlord (Orc:1)
  6 emperor scorpions (Spider:4)
  3 ghost moths (Spider:4)
  7 vault wardens (Vaults:1)
  The ghost of lenfi the Peltast, a journeyman HuFi of the Shining One (Swamp:1)
  Louise (Lair:2)
  3 ironheart preservers (Vaults:1)
  6 very ugly things
  2 angels (Vaults:2)
  5 entropy weavers
  A minotaur (Lair:5)
  2 halazid warlocks (Desolation)
  The ghost of Vig Uhad the Martial Artist, a journeyman OpTm of Cheibriados (Lair:5)
  An eidolon (Lair:2)
  Josephine (Orc:1)
  3 yaktaur captains (Vaults:1)
  A fire dragon (Lair:6)
  8 ragged hierophants (Desolation)
  2 great orbs of eyes
  Harold (Orc:1)
  5 vault guards
  Fannar (D:12)
  A peacekeeper (Desolation)
  An ice dragon (Vaults:1)
  4 ghost crabs
  2 rakshasas
  19 hydras
  6 servants of whispers (Desolation)
  A centaur warrior (Vaults:1)
  13 alligators
  A tengu warrior (D:13)
  16 two-headed ogres
  A shambling mangrove (Swamp:2)
  6 death yaks (Lair:6)
  4 ogre magi
  3 orc high priests (Orc:2)
  The ghost of Billuzav the Fighter, a novice GrFi of the Shining One (D:9)
  A queen ant (Spider:1)
  Sonja (Lair:3)
  4 thrashing horrors (Abyss:2)
  A shadow wraith (Vaults:1)
  8 skeletal warriors (Vaults:1)
  A wizard (Vaults:1)
  A glowing orange brain (Vaults:1)
  4 unseen horrors
  An unseen horror (shapeshifter) (Vaults:1)
  9 swamp dragons
  A lindwurm (Lair:6)
  5 harpies (Vaults:1)
  6 ironbrand convokers (Vaults:1)
  A spectral hydra (Swamp:1)
  11 orc knights
  8 orb spiders
  22 ugly things
  2 oklob plants (Lair:1)
  7 orc sorcerers
  2 deep elf magi (D:14)
  23 wolf spiders
  6 cyclopes
  2 worldbinders (Abyss:2)
  11 elephants
  A moth of wrath (Spider:4)
  6 torpor snails
  9 black mambas
  A spectral spriggan (Swamp:1)
  7 vault sentinels (Vaults:1)
  A smoke demon (Abyss:2)
  3 gargoyles (D:14)
  Maurice (D:13)
  A torpor snail (shapeshifter) (Vaults:1)
  2 guardian serpents
  3 rime drakes
  14 spiny frogs
  11 yaktaurs (Vaults:1)
  9 komodo dragons
  The ghost of gunter2 the Cudgeler, a novice GrFi (D:8)
  A tormentor (Abyss:2)
  A hellwing (Abyss:2)
  11 demonic crawlers
  4 efreet
  27 jumping spiders
  9 meliai
  23 hornets
  A queen bee (Lair:4)
  8 trolls
  9 polar bears (Lair:6)
  34 saltlings (Desolation)
  20 tyrant leeches
  4 slime creatures (Swamp:2)
  5 bog bodies
  17 blink frogs
  A raiju (Lair:6)
  A large abomination (Abyss:2)
  13 hippogriffs
  3 starcursed masses (Abyss:2)
  65 redbacks
  5 shadows
  A ynoxinul (Abyss:2)
  25 tarantellas
  A centaur simulacrum (D:13)
  2 vampires
  A tarantella (shapeshifter) (D:13)
  5 wraiths (Orc:1)
  3 hogs (Lair:4)
  5 spriggans
  2 basilisks
  10 humans
  6 wyverns
  54 yaks
  A basilisk (shapeshifter) (Vaults:1)
  A human (shapeshifter) (Vaults:1)
  2 steam dragons
  A hungry ghost (D:10)
  Grum (D:9)
  Menkaure (Ossuary)
  21 vampire mosquitoes
  18 swamp worms
  8 wargs
  13 insubstantial wisps
  2 acid dragons
  26 soldier ants
  13 water moccasins
  16 hell hounds (Lair:6)
  10 porcupines
  8 swamp drakes
  2 sky beasts
  35 orc warriors
  15 black bears
  4 ice beasts
  A necrophage (D:9)
  4 eyes of draining
  2 phantoms
  23 ogres
  26 wolves
  17 centaurs
  10 crocodiles
  A spriggan simulacrum (Swamp:1)
  7 big kobolds
  20 bullfrogs
  3 wyvern zombies
  A wyvern skeleton (D:14)
  A water moccasin skeleton (D:10)
  32 killer bees
  5 scorpions
  An elf simulacrum (Vaults:1)
  4 wights (D:8)
  2 electric eels
  5 crimson imps
  2 quasits
  8 howler monkeys
  4 centaur zombies
  2 small abominations (Abyss:2)
  4 centaur skeletons
  22 orc priests
  2 bullfrog skeletons (D:8)
  8 hounds
  3 jellies
  25 orc wizards
  Jessica (D:2)
  Ijyb (D:5)
  5 iguanas
  33 worker ants
  Terence (D:3)
  2 hound skeletons
  3 mummies (Ossuary)
  2 worker ant zombies
  4 gnolls (D:6)
  13 adders
  4 shadow imps
  A white imp (D:8)
  An ufetubus (D:8)
  3 adder zombies
  4 worms
  5 dart slugs
  7 leopard geckos
  69 orcs
  3 ball pythons
  9 giant cockroaches
  8 gnoll zombies (Ossuary)
  10 goblins
  5 hobgoblins
  17 jackals
  6 quokkas
  4 bats
  7 frilled lizards
  3 gnoll skeletons (Ossuary)
  3 goblin skeletons (Ossuary)
  4 goblin zombies (Ossuary)
  5 hobgoblin skeletons (Ossuary)
  5 hobgoblin zombies (Ossuary)
  17 kobolds
  3 kobold skeletons (Ossuary)
  3 kobold zombies (Ossuary)
  3 orc skeletons (Ossuary)
  3 orc zombies (Ossuary)
  A quokka simulacrum (D:8)
  13 rats
  8 rat skeletons (Ossuary)
  2 rat zombies (Ossuary)
  2 fungi (Lair:6)
  7 plants
  2 starspawn tentacles (Abyss:2)
1492 creatures vanquished.

Vanquished Creatures (others)
  A hydra (Swamp:3)
  A thrashing horror (Abyss:2)
  A spiny frog (Swamp:3)
  A saltling (Desolation)
  A human (Lair:4)
  A vampire mosquito (D:14)
  An orc warrior (Orc:2)
  2 orcs
  2 briar patches (Swamp:3)
  A bush (Lair:2)
  6 fungi
  22 plants
  16 starspawn tentacles (Abyss:2)
56 creatures vanquished.

Grand Total: 1548 creatures vanquished

Notes
Turn   | Place    | Note
-------+----------+-------------------------------------------
     0 | D:1      | Delamore the Hill Orc Fighter began the quest for the Orb.
     0 | D:1      | Reached XP level 1. HP: 19/19 MP: 1/1
    18 | D:1      | Reached skill level 3 in Axes
    85 | D:1      | Reached XP level 2. HP: 23/26 MP: 2/2
   125 | D:1      | Reached skill level 4 in Axes
   352 | D:1      | Reached XP level 3. HP: 31/31 MP: 3/3
   816 | D:2      | Reached skill level 5 in Axes
  1229 | D:2      | Reached XP level 4. HP: 18/39 MP: 4/4
  1574 | D:2      | Noticed Jessica
  1580 | D:2      | Killed Jessica
  1580 | D:2      | Reached skill level 6 in Axes
  2126 | D:3      | Noticed Terence
  2136 | D:3      | Killed Terence
  2136 | D:3      | Reached XP level 5. HP: 40/45 MP: 5/5
  2178 | D:3      | Reached skill level 7 in Axes
  2453 | D:3      | Found a shattered altar of Ashenzari.
  3009 | D:3      | Reached skill level 8 in Axes
  3009 | D:3      | Reached XP level 6. HP: 45/51 MP: 6/6
  3096 | D:4      | Found Unun's Armour Shop.
  3408 | D:4      | Reached skill level 9 in Axes
  3595 | D:5      | Entered Level 5 of the Dungeon
  3802 | D:4      | Reached XP level 7. HP: 56/57 MP: 7/7
  3876 | D:4      | Reached skill level 10 in Axes
  4238 | D:5      | Found a glowing golden altar of the Shining One.
  4289 | D:5      | Noticed Ijyb
  4295 | D:5      | Killed Ijyb
  4412 | D:5      | Found a glowing golden altar of the Shining One.
  4414 | D:5      | Found a stormy altar of Qazlal.
  4428 | D:5      | Became a worshipper of Qazlal Stormbringer
  5070 | D:6      | Reached skill level 11 in Axes
  5133 | D:6      | Reached XP level 8. HP: 9/64 MP: 8/8
  5613 | D:6      | Found a staircase to the Ecumenical Temple.
  5659 | D:6      | Found a basalt altar of Yredelemnul.
  5661 | D:6      | Reached skill level 12 in Axes
  5672 | D:6      | Found a burning altar of Makhleb.
  5758 | D:6      | Reached * piety under Qazlal
  5900 | D:6      | Reached skill level 13 in Axes
  6456 | D:7      | Noticed a hippogriff
  6466 | D:7      | Killed a hippogriff
  6486 | D:7      | Reached XP level 9. HP: 62/70 MP: 9/9
  6507 | D:7      | Reached skill level 14 in Axes
  6823 | D:7      | Found Cinith's Jewellery Shoppe.
  6832 | D:7      | Bought the ring "Vuzo" {rPois EV+2 Str+5 Int-4} for 302
                  | gold pieces
  7168 | D:8      | Found a sand-covered staircase.
  7173 | Ossuary  | Entered an ossuary
  7276 | Ossuary  | Reached ** piety under Qazlal
  7445 | Ossuary  | Noticed Menkaure
  7455 | Ossuary  | Killed Menkaure
  7455 | Ossuary  | Reached skill level 5 in Fighting
  7470 | Ossuary  | Reached *** piety under Qazlal
  7570 | D:8      | Reached skill level 15 in Axes
  7937 | D:8      | Reached XP level 10. HP: 69/86 MP: 10/10
  8225 | D:8      | Reached **** piety under Qazlal
  8236 | D:8      | Found a runed translucent gate.
  8236 | D:8      | Found a runed translucent gate.
  8237 | D:8      | Found a runed translucent gate.
  8277 | D:8      | Noticed gunter2's ghost (novice GrFi)
  8336 | D:8      | Reached skill level 16 in Axes
  8984 | D:8      | Killed gunter2's ghost
  9014 | D:9      | Noticed Grum
  9060 | D:9      | Killed Grum
  9238 | D:9      | Reached skill level 5 in Armour
  9472 | D:9      | Identified the +10 plate armour of Spring Thaw {rC- rN+
                  | SInv Stlth+}
  9473 | D:9      | Noticed Billuzav's ghost (novice GrFi)
  9474 | D:9      | Found a runed translucent gate.
  9476 | D:9      | Found a runed translucent gate.
  9476 | D:9      | Found a runed translucent gate.
  9478 | D:9      | Found a roughly hewn altar of Beogh.
  9729 | D:9      | Noticed a guardian serpent
  9746 | D:9      | Killed a guardian serpent
  9746 | D:9      | Reached XP level 11. HP: 59/99 MP: 11/11
 10213 | D:10     | Entered Level 10 of the Dungeon
 10224 | D:10     | Reached skill level 10 in Fighting
 10311 | D:10     | Noticed a rakshasa
 10350 | D:10     | Killed a rakshasa
 10350 | D:10     | Reached skill level 17 in Axes
 10886 | D:10     | Paralysed by an orc for 6 turns
 12074 | D:10     | Killed an unseen horror
 12278 | D:11     | Noticed a two-headed ogre
 12289 | D:11     | Killed a two-headed ogre
 12520 | D:11     | Reached ***** piety under Qazlal
 12735 | D:11     | Found a staircase to the Orcish Mines.
 13066 | D:11     | Found a staircase to the Lair.
 13113 | D:11     | Noticed a six-headed hydra
 13120 | D:11     | Killed a seven-headed hydra
 13120 | D:11     | Reached XP level 12. HP: 69/110 MP: 12/12
 13376 | D:9      | Killed Billuzav's ghost
 13402 | D:9      | Reached skill level 18 in Axes
 13655 | D:12     | Noticed Fannar
 13698 | D:12     | Killed Fannar
 13807 | D:12     | Noticed a two-headed ogre
 13830 | D:12     | Killed a two-headed ogre
 13936 | D:12     | Reached skill level 10 in Armour
 14149 | D:12     | Noticed a two-headed ogre
 14158 | D:12     | Killed a two-headed ogre
 14790 | Orc:1    | Entered Level 1 of the Orcish Mines
 14793 | Orc:1    | Noticed Harold
 14810 | Orc:1    | Killed Harold
 14874 | Orc:1    | Reached XP level 13. HP: 121/122 MP: 13/13
 14998 | Orc:1    | Found Ageofenomp's Jewellery Boutique.
 15137 | Orc:2    | Entered Level 2 of the Orcish Mines
 15137 | Orc:2    | Noticed an orc warlord
 15147 | Orc:1    | Reached skill level 19 in Axes
 15485 | Orc:2    | Paralysed by an orc sorcerer for 5 turns
 15587 | Orc:2    | Paralysed by an orc sorcerer for 7 turns
 15608 | Orc:1    | Killed an orc warlord
 16276 | Orc:2    | Paralysed by an orc sorcerer for 6 turns
 16299 | Orc:1    | Noticed Josephine
 16315 | Orc:1    | Killed Josephine
 16598 | Orc:1    | Found a roughly hewn altar of Beogh.
 17035 | Orc:2    | Found a staircase to the Elven Halls.
 17071 | Orc:2    | Reached ****** piety under Qazlal
 17343 | Orc:2    | Found Vetoe's Gadget Shoppe.
 17343 | Orc:2    | Found Pauptoeq's Book Shoppe.
 17344 | Orc:2    | Found Lubu's Weapon Shop.
 17349 | Orc:2    | Found Diloxzul's General Store.
 17353 | Orc:2    | Bought a potion of degeneration for 15 gold pieces
 17574 | Orc:1    | Bought an uncursed ring of protection from cold for 300
                  | gold pieces
 17667 | Orc:2    | Bought a potion of mutation for 120 gold pieces
 17667 | Orc:2    | Gained mutation: You tend to lose your temper in combat.
                  | [potion of mutation]
 17667 | Orc:2    | Gained mutation: You are partially covered in large bone
                  | plates. (SH +4) [potion of mutation]
 17788 | Lair:1   | Entered Level 1 of the Lair of Beasts
 17842 | Lair:1   | Reached skill level 20 in Axes
 17869 | Lair:1   | Got a smoking trident
 17876 | Lair:1   | Identified the cursed +1 trident of Offence {drain, +Blink
                  | Str-3 Dex+4 Stlth+} (You found it on level 1 of the Lair of
                  | Beasts)
 17885 | Lair:1   | Reached XP level 14. HP: 133/133 MP: 14/14
 18457 | Lair:1   | Reached skill level 15 in Fighting
 18855 | Lair:2   | Found a hole to the Spider Nest.
 20141 | Lair:3   | Found a staircase to the Swamp.
 20391 | Lair:4   | Noticed Sonja
 20495 | Lair:3   | Killed Sonja
 20721 | Lair:4   | Noticed Kirke
 20733 | Lair:4   | Killed Kirke
 20883 | Lair:4   | Reached skill level 21 in Axes
 21225 | Lair:4   | Reached skill level 1 in Invocations
 21773 | Lair:5   | Reached XP level 15. HP: 117/144 MP: 15/17
 22391 | Lair:5   | Found a runed translucent gate.
 22391 | Lair:5   | Found a runed translucent gate.
 22392 | Lair:5   | Found a runed translucent gate.
 22392 | Lair:5   | Noticed Vig Uhad's ghost (journeyman OpTm)
 23019 | Lair:5   | Killed Vig Uhad's ghost
 23039 | Lair:5   | Lost mutation: You tend to lose your temper in combat.
                  | [potion of mutation]
 23039 | Lair:5   | Gained mutation: You tend to lose your temper in combat.
                  | [potion of mutation]
 23039 | Lair:5   | Gained mutation: Your movements are slightly less
                  | encumbered by armour. (ER -2) [potion of mutation]
 23039 | Lair:5   | Gained mutation: You are somewhat resistant to further
                  | mutation. [potion of mutation]
 23072 | Lair:6   | Entered Level 6 of the Lair of Beasts
 23086 | Lair:6   | Reached skill level 5 in Invocations
 23745 | Lair:6   | Found a viscous altar of Jiyva.
 23746 | Lair:6   | Found a staircase to the Slime Pits.
 23785 | Lair:6   | Found a runed translucent door.
 24900 | Lair:6   | Identified a scroll of acquirement
 25253 | D:13     | Reached XP level 16. HP: 143/154 MP: 23/23
 25380 | D:13     | Reached skill level 22 in Axes
 25457 | D:13     | Noticed Maurice
 25462 | D:13     | Killed Maurice
 25510 | D:13     | Lost mutation: You tend to lose your temper in combat.
                  | [potion of mutation]
 25510 | D:13     | Gained mutation: You are agile. (Dex +2) [potion of
                  | mutation]
 25632 | D:13     | Got a jewelled whip
 25633 | D:13     | Identified the +9 whip "Fiskoenu" {vamp, *Drain rElec Str+4
                  | Dex+2} (You found it on level 13 of the Dungeon)
 26088 | D:14     | Noticed Rupert
 26098 | D:14     | Killed Rupert
 26462 | D:14     | Reached skill level 23 in Axes
 26751 | D:14     | Found a gate to the Vaults.
 27216 | Swamp:1  | Entered Level 1 of the Swamp
 27216 | Swamp:1  | Found a transporter.
 27216 | Swamp:1  | Noticed lenfi's ghost (journeyman HuFi)
 27563 | Swamp:1  | Found a transporter.
 27852 | Swamp:1  | Killed lenfi's ghost
 28050 | Swamp:1  | Got a steaming pewter ring
 28052 | Swamp:1  | Got a crystal battleaxe
 28093 | Swamp:1  | Identified the ring "Weorch" {Int+3 Stlth+} (You found it
                  | on level 1 of the Swamp)
 28094 | Swamp:1  | Identified the +1 battleaxe "Naehemn" {venom, rPois Str+4
                  | Stlth+} (You found it on level 1 of the Swamp)
 28384 | Swamp:2  | Reached skill level 24 in Axes
 28946 | Swamp:3  | Noticed a thorn hunter
 28969 | Swamp:3  | Killed a thorn hunter
 28969 | Swamp:3  | Reached XP level 17. HP: 92/160 MP: 16/24
 29549 | Swamp:4  | Entered Level 4 of the Swamp
 29552 | Swamp:4  | Noticed Donald
 29573 | Swamp:4  | Killed Donald
 29573 | Swamp:4  | Reached skill level 25 in Axes
 29896 | Swamp:4  | Noticed the 27-headed Lernaean hydra
 30321 | Swamp:4  | Killed the 27-headed Lernaean hydra
 30345 | Swamp:4  | Reached skill level 26 in Axes
 30461 | Swamp:4  | Got a decaying rune of Zot
 30645 | Swamp:4  | Noticed a tentacled monstrosity
 30653 | Swamp:4  | Killed a tentacled monstrosity
 30874 | Swamp:4  | Got a jewelled war axe
 30878 | Swamp:4  | Identified the +4 war axe of Charity {freeze, rElec rPois
                  | rF- Int+4} (You found it on level 4 of the Swamp)
 30977 | Spider:1 | Entered Level 1 of the Spider Nest
 30978 | Spider:1 | Noticed Louise
 30986 | Spider:1 | Cast into level 2 of the Abyss (Louise)
 31108 | Abyss:2  | Reached skill level 10 in Invocations
 31138 | Abyss:2  | Got a steaming brass ring
 31138 | Abyss:2  | Noticed a tentacled starspawn
 31141 | Abyss:2  | Noticed a Hell Sentinel
 31153 | Abyss:2  | Noticed a tentacled starspawn
 31174 | Abyss:2  | Noticed a tentacled starspawn
 31205 | Abyss:2  | Killed a tentacled starspawn
 31223 | Spider:1 | Escaped the Abyss
 31233 | Lair:2   | Killed Louise
 31532 | Spider:1 | Reached skill level 15 in Armour
 31536 | Spider:1 | Reached XP level 18. HP: 135/170 MP: 19/26
 31552 | Spider:1 | Noticed Frances
 31574 | Spider:1 | Killed Frances
 31640 | Spider:1 | Noticed Nikola
 31648 | Spider:1 | Killed Nikola
 32708 | Spider:1 | Identified the ring "Risoonua" {Wiz MR++ Str+3} (You found
                  | it on level 2 of the Abyss)
 34204 | Spider:4 | Entered Level 4 of the Spider Nest
 34229 | Spider:4 | Reached skill level 1 in Evocations
 35222 | Spider:4 | Reached XP level 19. HP: 135/179 MP: 0/29
 35469 | Spider:4 | Got a gossamer rune of Zot
 35751 | Vaults:1 | Entered Level 1 of the Vaults
 35821 | Vaults:1 | Reached skill level 15 in Invocations
 36352 | Vaults:1 | Reached skill level 5 in Evocations
 37076 | Vaults:1 | Got a warped cloak
 37087 | Vaults:1 | Identified the cursed +0 cloak of Vief {rElec rN+} (You
                  | found it on level 1 of the Vaults)
 37845 | Vaults:1 | Gained mutation: Potions are less effective at restoring
                  | your health. [a shining eye]
 37911 | Vaults:1 | Found Ehecu's Jewellery Emporium.
 37918 | Vaults:1 | Bought a +4 amulet of reflection for 513 gold pieces
 38202 | Vaults:2 | Reached XP level 20. HP: 189/189 MP: 32/32
 38248 | Vaults:2 | Noticed Mara
 38261 | Vaults:2 | Noticed Delamore's illusion
 38266 | Vaults:2 | Noticed Delamore's illusion
 38657 | Vaults:2 | Noticed Delamore's illusion
 38671 | Vaults:2 | Killed Mara
 38690 | Vaults:2 | Found a ruined gateway.
 38692 | Vaults:2 | Found a white marble altar of Elyvilon.
 38692 | Vaults:2 | Found a glowing golden altar of the Shining One.
 38694 | Vaults:2 | Found a glowing silver altar of Zin.
 38702 | Desolati | Entered the Desolation of Salt
 38811 | Desolati | Killed from afar by a crystal guardian

Levels and vault maps discovered:
D:1:      minmay_arrival_five_plusses, layout_loops_ring
D:2:      minmay_evil_eye, layout_basic, first_ration, uniq_jessica
D:3:      minmay_general_purpose_star, layout_loops_cross,
          evilmike_ruin_ashenzari, uniq_terence
D:4:      layout_basic, serial_shops, shop
D:5:      layout_basic, chequers_temple_overflow_statue_of_worship,
          tso_metal_star, uniq_ijyb
D:6:      layout_loops_ring, grunt_temple_overflow_open,
          minmay_temple_entry_gardened_gates
D:7:      layout_rooms, minmay_shop_enchanted_jewellery
D:8:      layout_layer_cave, ebering_ghost_rock_garden, serial_ice,
          serial_ice_d, serial_ice_g, serial_ice_j, serial_ice_o,
          enter_ossuary_2
D:9:      layout_roguey, biasface_ghost_orc_armoury, grunt_ogre_cave,
          nrook_guardian_serpent_double, uniq_grum
D:10:     layout_long_grid
D:11:     layout_roguey, lair_entry_dummy, orc_david_3
D:12:     layout_loops_ring, uniq_fannar
D:13:     layout_long_grid, kennysheep_generic_room_12, uniq_maurice
D:14:     layout_basic, ximxim_vaults_locker_room, uniq_rupert
Lair:1:   layout_regular_city, grunt_megastairs_2, minmay_lair_oklob_chamber
Lair:2:   layout_roguey, nicolae_spider_entry_non_spiders, minivault_11
Lair:3:   layout_chaotic_city, palyth_hydra_swamp_entry, serial_bayou_shore_b,
          serial_bayou_shore_b
Lair:4:   layout_long_grid, special_room [special_room_bee], uniq_kirke,
          uniq_sonja
Lair:5:   layout_cave_pods, maelrawn_ghost_gauntlet_escape, patterned_corridor
Lair:6:   hangedman_lair_caniforms_friends, layout_cave_pods, wormcave,
          dpeg_slime_entry_enclosed_altar
Swamp:1:  layout_basic_swamp, gammafunk_ghost_mausoleum,
          evilmike_swamp_ruin_house_1
Swamp:2:  layout_basic_swamp, evilmike_swamp_ruin_wall
Swamp:3:  layout_basic_swamp, hangedman_swamp_lotus
Swamp:4:  swamp_old_school, layout_basic_swamp, uniq_donald
Spider:1: layout_chambers, minivault_29, uniq_frances, uniq_nikola, uniq_louise
Spider:2: layout_spider_delve
Spider:3: layout_spider_delve, einodemon_crawler_minivault
Spider:4: spider_rune_water
Orc:1:    layout_caves, serial_shops, shop_statue, mines1_david, uniq_josephine,
          uniq_harold
Orc:2:    st_orc_elflike, layout_caves
Vaults:1: ontoclasm_vaults_claustrophobia, hangedman_vaults_locks, v_rooms_1,
          nicolae_vaults_bisected_exclaves, vaults_room_boxed,
          nicolae_vaults_network_quincunx
          [nicolae_vaults_network_quincunx_subvault,
          nicolae_vaults_network_quincunx_subvault,
          nicolae_vaults_network_quincunx_subvault,
          nicolae_vaults_network_quincunx_subvault,
          nicolae_vaults_network_quincunx_subvault],
          nicolae_vaults_network_square, nicolae_vaults_rhombus_5,
          nicolae_vaults_ring_of_whatevers, vaults_mumra_lcd,
          ontoclasm_vaults_shuriken, kb_rosetta, layout_vaults_omnibox,
          serial_shops, nicolae_shop_waterfront
Vaults:2: dpeg_vaults_waves, v_misc_18, v_misc_25, v_misc_11, v_alt_pattern_1,
          v_alt_pattern_2, hangedman_vaults_unwind, v_misc_9,
          hangedman_vaults_stretched_pinwheel, vaults_dpeg_hooks,
          hangedman_vaults_river_flow, ontoclasm_vaults_gateway,
          layout_vaults_maze_bifur, portal_desolation_entry_holy_temple,
          uniq_mara
Desolation

Skill      XL: |  1  2  3  4  5  6  7  8  9 10 11 12 13 14 15 16 17 18 19 20 |
---------------+-------------------------------------------------------------+-----
Axes           | 3 4 5 6 8 9 11 13 15 16 17 18 20 21 24 26 | 26.5
Fighting       | 7 9 11 13 14 16 17 18 19 | 19.3
Armour         | 6 8 10 12 13 14 15 16 17 | 17.1
Invocations    | 2 9 11 14 16 18 | 18.0
Evocations     | 3 6 7 |  7.4
Shields        | |  3.2

Action                   |  1- 3 |  4- 6 |  7- 9 | 10-12 | 13-15 | 16-18 | 19-21 || total
-------------------------+-------+-------+-------+-------+-------+-------+-------++-------
Melee: War axe           |   110 |   203 |   491 |     9 |       |       |       ||   813
       Unarmed           |       |     4 |       |       |       |       |       ||     4
       Hand axe          |       |       |       |   865 |       |       |       ||   865
       Executioner's axe |       |       |       |    17 |   790 |  1028 |   463 ||  2298
Throw: Throwing net      |       |       |       |     1 |       |       |       ||     1
Invok: Upheaval          |       |       |       |     5 |     2 |       |     2 ||     9
       Disaster Area     |       |       |       |       |       |     5 |     9 ||    14
Evoke: Wand              |       |       |     1 |     9 |     1 |       |     1 ||    12
  Use: Scroll            |       |       |    14 |     3 |    12 |    13 |     4 ||    46
       Potion            |       |       |     1 |     2 |     2 |     6 |     5 ||    16
 Stab: Confused          |       |     1 |       |       |       |     2 |       ||     3
  Eat: Chunk             |       |    10 |    11 |    20 |    30 |    23 |     9 ||   103
       Ration            |       |       |     1 |     1 |     1 |     3 |     1 ||     7
Armor: Scale mail        |    52 |    67 |    79 |       |       |       |       ||   198
       Plate armour      |       |       |    99 |   267 |   516 |   753 |   161 ||  1796
Dodge: Dodged            |    41 |    55 |   100 |   104 |   351 |   421 |   103 ||  1175
       Deflected         |       |       |       |     4 |    14 |    16 |    11 ||    45
Block: Shield            |    52 |    99 |   271 |   413 |       |       |       ||   835
       Other             |       |       |       |     7 |   464 |   648 |   230 ||  1349
